Map: Frozen Temple

Players

capac - Winner!

  • Race: Terran Terran
  • League: Gold

A.I. 1 (Elite)

  • Race: Zerg Zerg

VOD

Have the link to the VOD?

Description

Time

  • Played on: April 10, 2016, 9:32 a.m.
  • Length: 8:02
Show
View Real Time Build Order
Export as new Build Order

capac Terran - Winner!

Build Orders: Reaper Expand 

Get SALT Encoding   

  12  0:00  SCV  
  13  0:13  SCV  
  14  0:18  Supply Depot  
  14  0:25  SCV  
  15  0:40  SCV  
  15  0:41  Barracks  
  16  0:45  Refinery  
  16  0:54  SCV  
  17  1:06  SCV  
  18  1:19  SCV  
  19  1:28  Reaper  
  19  1:32  Orbital Command  
  20  1:43  Command Center  
  20  1:55  Supply Depot  
  20  2:01  Barracks Reactor  
  20  2:09  Barracks, SCV  
  21  2:21  SCV  
  22  2:23  Factory  
  22  2:33  SCV  
  22  2:36  Barracks  
  23  2:44  Marine x2  
  25  2:53  Refinery  
  25  2:56  Barracks Tech Lab  
  24  3:12  Marine x2  
  26  3:17  Starport  
  26  3:22  Orbital Command  
  26  3:24  Marine  
  27  3:27  Marine  
  27  3:29  Marine  
  27  3:30  Factory Reactor  
  27  3:32  SCV  
  30  4:03  Supply Depot x2  
  30  4:12  Barracks Reactor  
  30  4:23  Bunker  
  30  4:24  Marine x3, SCV x2  
  30  4:27  Medivac  
  30  4:28  Medivac  
  39  4:37  SCV x2  
  41  4:41  Supply Depot  
  41  4:46  Marine x3  
  41  4:49  Factory Tech Lab  
  41  4:51  SCV  
  41  4:52  SCV  
  46  5:04  Marine x3  
  46  5:05  Marine  
  46  5:06  Marine  
  51  5:11  Stimpack  
  51  5:14  Siege Tank  
  54  5:22  Refinery  
  54  5:24  Supply Depot, Refinery  
  54  5:27  Marine x4, SCV x2, Medivac  
  62  5:45  Marine x4  
  62  5:46  SCV x2, Medivac  
  62  5:47  Supply Depot  
  69  6:25  Marine x2  
  68  6:33  Marine x3  
  68  6:35  Siege Tank  
  74  6:42  Marine  
  74  6:46  SCV x2  
  76  7:02  SCV x2  
Show
View Real Time Build Order
Export as new Build Order

A.I. 1 (Elite) Zerg 

Build Orders: Pool First, Zergling Baneling 

Get SALT Encoding   

  12  0:00  Drone  
  13  0:07  Drone  
  14  0:17  Overlord  
  14  0:34  Spawning Pool  
  13  0:36  Drone  
  13  0:41  Extractor  
  13  0:42  Drone  
  14  0:47  Drone  
  15  1:23  Queen, Zergling x6  
  20  1:39  Hatchery  
  19  1:45  Drone  
  20  1:50  Zergling x2  
  21  1:57  Zergling x2  
  22  2:07  Overlord  
  22  2:18  Baneling Nest  
  22  2:21  Drone  
  22  2:27  Drone  
  22  2:31  Zergling x2  
  22  2:36  Zergling x2  
  24  2:41  Zergling x2  
  25  2:45  Zergling x2  
  26  3:01  Baneling x2  
  26  3:02  Baneling x2  
  26  3:04  Zergling x2, Baneling  
  27  3:08  Zergling x2  
  27  3:13  Zergling x2  
  27  3:15  Baneling  
  29  3:20  Zergling x2  
  29  3:22  Baneling  
  29  3:34  Overlord  
  29  3:39  Zergling x2  
  30  3:46  Zergling x2  
  26  3:51  Zergling x2  
  28  3:55  Zergling x2  
  28  3:57  Baneling x2  
  28  4:02  Zergling x2  
  29  4:04  Baneling  
  29  4:08  Baneling  
  29  4:13  Zergling x2  
  29  4:15  Baneling  
  30  4:20  Drone  
  31  4:33  Roach Warren  
  30  4:43  Drone  
  31  4:48  Drone  
  33  4:52  Drone  
  33  4:57  Drone  
  34  5:05  Lair  
  34  5:16  Roach  
  36  5:31  Overlord  
  36  5:36  Roach  
  36  5:41  Roach  
  40  5:46  Roach  
  42  5:54  Roach  
  41  6:00  Overlord  
  35  6:15  Queen, Extractor  
  35  6:18  Drone  
  37  6:19  Hydralisk Den  
  37  6:24  Drone  
  33  6:28  Drone  
  33  6:31  Drone x2  
  34  6:33  Drone  
  34  6:38  Drone  
  32  6:50  Drone  
  33  7:00  Drone  
  31  7:03  Drone  
  27  7:21  Drone  
Tags
 
Add a new tag
Caveats
  • Supply blocks, unpowered buildings, or Contaminate may cause inaccurate times.
  • Supply counts are checked every 10 seconds.